 Dungeon Crawl Stone Soup version 0.23-a0-808-gd21de94 (webtiles) character file.

44 FrankyJ the Shield-Bearer (level 3, -1/30 HPs)
             Began as a Formicid Fighter on Jan 20, 2019.
             Slain by Grinder (3 damage)
             ... on level 3 of the Dungeon.
             The game lasted 00:02:50 (1413 turns).

FrankyJ the Shield-Bearer (Formicid Fighter)        Turns: 1413, Time: 00:02:51

Health: -1/30      AC:  6    Str: 25    XL:     3   Next: 85%
Magic:  3/3        EV:  8    Int:  8    God:
Gold:   99         SH: 10    Dex: 10    Spells: 2/2 levels left

rFire    x . .     SeeInvis +   a - +0 quarterstaff
rCold    + . .     Gourm    .   c - +0 shield
rNeg     . . .     Faith    .   b - +0 scale mail
rPois    .         Spirit   .   (helmet unavailable)
rElec    .         Reflect  .   (no cloak)
rCorr    .         Harm     .   (no gloves)
MR       .....                  (no boots)
Stlth    +.........             (no amulet)
HPRegen  0.10/turn              e - ring of stealth
MPRegen  0.08/turn              x - ring of ice

@: mighty
A: permanent stasis, dig shafts and tunnels, four strong arms, antennae 3
a: Dig, Shaft Self


You were on level 3 of the Dungeon.
You were not hungry.

You visited 1 branch of the dungeon, and saw 3 of its levels.

You collected 99 gold pieces.

Inventory:

Hand Weapons
 a - a +0 quarterstaff (weapon)
Missiles
 p - 3 tomahawks (quivered)
Armour
 b - a +0 scale mail (worn)
 c - a +0 shield (worn)
 t - a +0 cloak
Jewellery
 e - a ring of stealth (left hand)
 x - a ring of ice (right hand)
Scrolls
 h - a scroll of blinking {unknown}
 k - a scroll of random uselessness {unknown}
 l - 2 scrolls of amnesia {unknown}
 n - 3 scrolls of identify {unknown}
 q - 2 scrolls of remove curse {unknown}
 r - 3 scrolls of fog {unknown}
 v - a scroll of enchant armour {unknown}
 w - a scroll of enchant weapon {unknown}
Potions
 d - a potion of might
 g - a potion of lignification {unknown}
 i - a potion of haste {unknown}
 j - a potion of agility {unknown}
 o - a potion of curing
 s - a potion of mutation {unknown}
 u - a potion of ambrosia {unknown}
Comestibles
 f - 9 rations
 m - 3 chunks of flesh


   Skills:
 + Level 3.7 Fighting
 * Level 2.9 Staves
 + Level 3.6 Armour
 - Level 4.0 Shields


You had 2 spell levels left.
You didn't know any spells.
Your spell library was empty.

Dungeon Overview and Level Annotations

Branches:
Dungeon (3/15)

Altars:
Cheibriados

Annotations:
D:3 Grinder


Innate Abilities, Weirdness & Mutations

You cannot be hasted, slowed, berserked, paralysed or teleported.
You can dig through walls and to a lower floor.
Your four strong arms can wield two-handed weapons with a shield.
You have a pair of large antennae on your head. (SInv)


Message History

You feel very mighty all of a sudden.
Grinder says, "Mostly I couldn't keep them alive."
Grinder gestures at you.
Your stasis prevents you from being paralysed.
You bludgeon Grinder!!
Grinder is severely wounded.
Grinder hits you!
* * * LOW HITPOINT WARNING * * *
You writhe in agony.
* * * LOW HITPOINT WARNING * * *
You sock Grinder!
Grinder is almost dead.
Grinder gestures at you.
Your stasis prevents you from being paralysed.
You closely miss Grinder.
Grinder is almost dead.
Grinder hits you.
* * * LOW HITPOINT WARNING * * *
You writhe in agony.
You die...

#........#
#....#####
#.....###
#.#.......
#......#
#.########
#....#.#
#.........
#....#.#
########..
######.## #..
#..# #..
##########.####
#..
........@5K...+
+..
..########..###
#.. #......(..#
##. #.........#
#. #.........#
#. #..........#
#....K)..#.#
#........#.#
#........#.#


You could see Grinder and a kobold.

Vanquished Creatures
  An adder (D:3)
  A dart slug (D:1)
  3 leopard geckos
  A ball python (D:1)
  4 giant cockroaches
  4 goblins (D:1)
  3 hobgoblins
  5 bats (D:1)
  A frilled lizard (D:3)
  2 kobolds
  4 rats
29 creatures vanquished.

Notes
Turn   | Place    | Note
-------+----------+-------------------------------------------
     0 | D:1      | FrankyJ the Formicid Fighter began the quest for the Orb.
     0 | D:1      | Reached XP level 1. HP: 18/18 MP: 1/1
   160 | D:1      | Reached XP level 2. HP: 23/24 MP: 2/2
   546 | D:1      | Reached XP level 3. HP: 29/29 MP: 3/3
   907 | D:2      | Found a snail-covered altar of Cheibriados.
  1116 | D:2      | Reached skill level 4 in Shields
  1398 | D:3      | Noticed Grinder
  1413 | D:3      | Slain by Grinder

Vault maps used:
D:1:      scummos_arrival_checkerplants
D:2:      cheibriados_altar_1, first_ration
D:3:      okawaru_gym_becter, chequers_ecumenical_altar_simple, uniq_grinder

Skill      XL: |  1  2  3 |
---------------+----------+-----
Shields        | 4 |  4.0
Fighting       | |  3.7
Staves         | |  2.9
Armour         | |  3.6

Action                   || total
-------------------------++-------
Melee: Quarterstaff      ||    80
  Use: Potion            ||     2
  Eat: Chunk             ||     2
Armor: Scale mail        ||    31
Dodge: Dodged            ||    14
Block: Shield            ||    38

Table legend:
 A = Non-vault XP
 B = Vault XP
 C = Vault XP percentage of total XP
 D = Non-vault monster count
 E = Vault monster count
 F = Vault count percentage of total count
                 A         B        C        D         E       F
            +---------+---------+-------+---------+---------+-------
      Total |      63 |       0 |   0.0 |      29 |       0 |   0.0
            +---------+---------+-------+---------+---------+-------
        D:1 |      32 |       0 |   0.0 |      18 |       0 |   0.0
        D:2 |      14 |       0 |   0.0 |       7 |       0 |   0.0
        D:3 |      17 |       0 |   0.0 |       4 |       0 |   0.0
            +---------+---------+-------+---------+---------+-------
